 Dungeon Sprint DCSS version 0.23.2-1-ga50397a6bc (webtiles) character file.

Game seed: 7954675756296491305

197769 Jannitor the Conqueror (level 18, -12/236 HPs)
             Began as an Ogre Fighter on May 1, 2019.
             Was the Champion of Makhleb.
             Mangled by Fetzae Yskui the pandemonium lord (16 damage)
             ... in the Dungeon (Sprint V: "Ziggurat Sprint").
             The game lasted 00:14:52 (1658 turns).

Jannitor the Conqueror (Ogre Fighter)               Turns: 1658, Time: 00:14:52

Health: -12/236    AC: 32    Str: 36    XL:     18   Next: 86%
Magic:  15/35      EV: 14    Int: 11    God:    Makhleb [******]
Gold:   0          SH: 36    Dex: 14    Spells: 17/17 levels left

rFire    + + +     SeeInvis +   F - +8 mithril axe "Arga" {speed, MR+}
rCold    + . .     Gourm    .   H - +18 shield of the Gong {rElec rN+ MR+ EV-5}
rNeg     + + .     Faith    .   l - +5 gold dragon scales
rPois    +         Spirit   .   v - +0 mask of the Dragon {MR+ Slay+3 SInv}
rElec    +         Reflect  .   P - +1 cloak {MR+}
rCorr    .         Harm     .   (gloves unavailable)
MR       +++++     NoTele   +   (boots unavailable)
Stlth    ..........             O - amulet of the Evening {Acrobat *Slow rF+++ Int+2 Dex+3 Slay+3}
HPRegen  0.49/turn              A - ring of Virtue {rPois MR+ Dex-3 Slay+5 SInv}
MPRegen  0.24/turn              M - ring of Gutedgh {rN+ EV+5 Dex+6}

@: mighty, berserk cooldown, hasted and slowed
A: large, unfitting armour, deterioration 1, tough skin 1
a: Minor Destruction, Lesser Servant of Makhleb, Major Destruction, Greater
Servant of Makhleb, Renounce Religion


You were in the Dungeon.
You worshipped Makhleb.
Makhleb was exalted by your worship.
You were not hungry.

You visited 1 branch

Inventory:

Hand Weapons
 a - a +0 war axe
 F - the +8 mithril axe "Arga" (weapon) {speed, MR+}
   (You found it in the Dungeon)

   Attacks with this weapon are significantly faster.
   It affects your resistance to hostile enchantments.
 G - the +14 obsidian axe {chop, +Fly SInv *Curse}
   (You found it in the Dungeon)

   It inflicts extra damage upon your enemies.
   It lets you see invisible.
   It lets you fly.
   It curses itself when equipped.
Armour
 l - +5 gold dragon scales (worn)
 v - the +0 mask of the Dragon (worn) {MR+ Slay+3 SInv}
   (You found it in the Dungeon)

   It affects your accuracy and damage with ranged weapons and melee attacks
   (+3).
   It affects your resistance to hostile enchantments.
   It lets you see invisible.
 H - the +18 shield of the Gong (worn) {rElec rN+ MR+ EV-5}
   (You found it in the Dungeon)

   It affects your evasion (-5).
   It insulates you from electricity.
   It protects you from negative energy.
   It affects your resistance to hostile enchantments.
 J - the +3 crown of Dyrovepreva {rElec Int+2 SInv}
   (You found it in the Dungeon)

   It affects your intelligence (+2).
   It insulates you from electricity.
   It lets you see invisible.
 P - a +1 cloak of magic resistance (worn)
Jewellery
 b - an uncursed ring of protection from fire
 A - the ring of Virtue (left hand) {rPois MR+ Dex-3 Slay+5 SInv}
   (You found it in the Dungeon)

   [ring of slaying]

   It affects your dexterity (-3).
   It affects your accuracy and damage with ranged weapons and melee attacks
   (+5).
   It protects you from poison.
   It affects your resistance to hostile enchantments.
   It lets you see invisible.
 B - the ring "Ipamunwi" {rElec rPois rF+ Slay+2}
   (You found it in the Dungeon)

   [ring of slaying]

   It affects your accuracy and damage with ranged weapons and melee attacks
   (+2).
   It protects you from fire.
   It insulates you from electricity.
   It protects you from poison.
 C - an uncursed ring of fire
 D - an uncursed ring of positive energy
 E - a +6 ring of strength
 L - the ring "Datsood" {Ice +Fly Str+4}
   (You found it in the Dungeon)

   [ring of ice]

   It enhances your ice magic.
   It affects your strength (+4).
   It makes you vulnerable to fire.
   It protects you from cold.
   It lets you fly.
 M - the ring of Gutedgh (right hand) {rN+ EV+5 Dex+6}
   (You found it in the Dungeon)

   [ring of evasion]

   It affects your evasion (+5).
   It affects your dexterity (+6).
   It protects you from negative energy.
 O - the amulet of the Evening (around neck) {Acrobat *Slow rF+++ Int+2 Dex+3 Slay+3}
   (You found it in the Dungeon)

   [amulet of the acrobat]

   It helps you evade while moving and waiting.
   It affects your intelligence (+2).
   It affects your dexterity (+3).
   It affects your accuracy and damage with ranged weapons and melee attacks
   (+3).
   It renders you almost immune to fire.
   It may slow you when you take damage.
Wands
 x - a wand of disintegration (7)
 y - a wand of iceblast (7)
 z - a wand of acid (7)
Scrolls
 c - 8 scrolls of enchant weapon
 k - 4 scrolls of blinking
 m - 4 scrolls of amnesia
 n - 3 scrolls of fog
 o - a scroll of holy word
 p - 5 scrolls of identify
 q - 4 scrolls of remove curse
 r - 2 scrolls of fear
 K - a scroll of brand weapon
 N - 4 scrolls of enchant armour
Potions
 d - 5 potions of might
 e - 9 potions of curing
 g - 14 potions of heal wounds
 h - 11 potions of haste
 i - 7 potions of magic
 s - 2 potions of brilliance
 t - 2 potions of invisibility
 u - 4 potions of resistance
 w - 5 potions of agility
Miscellaneous
 I - 9 phantom mirrors
Comestibles
 f - 7 rations


   Skills:
 O Level 27 Fighting
 + Level 24.8 Axes
 + Level 21.6 Armour
 + Level 17.1 Dodging
 + Level 23.2 Shields
 + Level 26.5 Invocations


You had 17 spell levels left.
You didn't know any spells.
Your spell library was empty.

Dungeon Overview and Level Annotations

Branches:
Dungeon (1/1)

Altars:
Ashenzari
Cheibriados
Dithmenos
Elyvilon
Fedhas
Gozag
Hepliaklqana
Kikubaaqudgha
Makhleb
Nemelex Xobeh
Okawaru
Qazlal
Ru
Sif Muna
Trog
Uskayaw
Vehumet
Wu Jian
Xom
Yredelemnul
Zin
The Shining One
Beogh
Jiyva
Lugonu


Innate Abilities, Weirdness & Mutations

You are too large for most types of armour.
You have tough skin. (AC +1)
Your body sometimes deteriorates upon taking damage.


Message History

You slice the large abomination!!
Ighachu sneers, "Thy heart shall be my snack!"
Foblem hits you.
* * * LOW HITPOINT WARNING * * *
You feel your power leaking away.
The ynoxinul gestures.
The balrug gestures at you. Something smites you!
* * * LOW HITPOINT WARNING * * *
The ynoxinul gestures.
Unknown command.
Unknown command.
You closely miss Foblem.
Foblem is almost dead.
You barely miss Gueqipie.
Your gold dragon scales prevents you from hitting Fetzae Yskui.
You slash the large abomination! You slice the ufetubus!!
You kill the ufetubus!
The ufetubus disappears in a puff of smoke! x2
Fetzae Yskui hits you!
You die...

.....8©8.......▓
=:[)}):.})}=:..▓b4|:3|l5
[))|[".:..):||.▓sg51421g
[[.)[)|=))=)|[.▓s25b&&22
...............▓241&b25.
...............▓s3&s33r5
...............▓&&&&s55g
...............▓&&&32&5g
............)).▓@&&&65w5
............)..▓X34r4...
.............).▓55.&&K..........
...............▓§.3Xg...........
...............▓XX5.▓.........▓
..▓.......▓...†▓555▓▓▓.......▓▓ .
...............▓....▓.........▓..
...............▓.................
...............▓.................


You could see Apank, Cud Zitt, Cyumotiv (invisible), Daacvel, Fetzae Yskui,
Fiomicus, Foblem, Gueqipie, Hutezeoth, Icwumav, Ighachu, Lilasun (invisible),
Riqyhaq, Xoekowk, Ysidd, Zeockeg, Zequ Eluc, 2 Tzitzimimeh, a Brimstone Fiend, 3
balrugs, a green death, a demonic crawler, a sun demon, a shadow demon, a gelid
demonspawn, an orange demon, 4 large abominations, a hellwing, a rust devil, a
sixfirhy, 2 hellions, 2 neqoxecs, 3 ynoxinuls, 2 red devils, a tarantella, 3
redbacks, a quasit, 14 ufetubi, a leopard gecko, 2 hobgoblins, 3 goblins, 3
bats, a kobold and 2 rats.

Vanquished Creatures
  4 ancient liches (D)
  14 pandemonium lords (D)
  A profane servitor (D)
  A bone dragon (D)
  An iron giant (D)
  7 liches (D)
  A titan (D)
  An Executioner (D)
  3 acid blobs (D)
  4 shadow dragons (D)
  3 fire giants (D)
  3 azure jellies (D)
  2 ghouls (D)
  5 reapers (D)
  An entropy weaver (D)
  4 stone giants (D)
  A purple draconian (D)
  A spark wasp (D)
  Snorg (D)
  2 yaktaur captains (D)
  3 death oozes (D)
  4 fire dragons (D)
  Harold (D)
  17 vault guards (D)
  2 great orbs of eyes (D)
  A dancing weapon (D)
  3 vampire magi (D)
  A hell hog (D)
  A deep elf knight (D)
  11 soul eaters (D)
  A wretched star (D)
  A glowing orange brain (D)
  3 skeletal warriors (D)
  A flayed ghost (D)
  3 necromancers (D)
  2 shining eyes (D)
  A wolf spider (D)
  6 slime creatures (D)
  A vault sentinel (D)
  A moth of wrath (D)
  An eye of devastation (D)
  5 rust devils (D)
  2 smoke demons (D)
  An orange demon (D)
  Psyche (D)
  4 tormentors (D)
  A demonic crawler (D)
  A rime drake (D)
  3 freezing wraiths (D)
  2 yaktaurs (D)
  3 efreet (D)
  An ancient zyme (D)
  2 hellwings (D)
  6 ice devils (D)
  A red devil (D)
  A jumping spider (D)
  A polar bear (D)
  Prince Ribbit (D)
  2 raiju (D)
  2 flying skulls (D)
  A redback (D)
  3 vampires (D)
  An air elemental (D)
  2 ynoxinuls (D)
  3 shadows (D)
  A yak (D)
  A wraith (D)
  5 golden eyes (D)
  A steam dragon (D)
  A chaos spawn (D)
  2 fire elementals (D)
  2 hungry ghosts (D)
  2 floating eyes (D)
  3 hell hounds (D)
  2 porcupines (D)
  An orc warrior (D)
  5 ice beasts (D)
  8 large abominations (D)
  2 necrophages (D)
  4 eyes of draining (D)
  8 small abominations (D)
  A bullfrog (D)
  2 wights (D)
  A crimson imp (D)
  A quasit (D)
  15 starcursed masses (D)
  6 iron imps (D)
  3 jellies (D)
  2 orc priests (D)
  An iguana (D)
  4 mummies (D)
  A shadow imp (D)
  2 white imps (D)
  4 ufetubi (D)
  2 oozes (D)
  5 adder zombies (D)
  6 adder skeletons (D)
  3 orcs (D)
  2 spectral bats (D)
  5 bat skeletons (D)
  6 bat zombies (D)
  2 ball python skeletons (D)
  A ball python zombie (D)
  2 giant cockroach zombies (D)
  2 jackal skeletons (D)
  2 jackal zombies (D)
  4 leopard gecko skeletons (D)
  A quokka simulacrum (D)
  A quokka skeleton (D)
  A quokka zombie (D)
  A fire vortex (D)
  A lurking horror (D)
313 creatures vanquished.

Vanquished Creatures (collateral kills)
  Saint Roka (D)
  Frances (D)
  An Executioner (D)
  A tentacled starspawn (D)
  2 shadow dragons (D)
  Gastronok (D)
  An azure jelly (D)
  A deep elf elementalist (D)
  2 reapers (D)
  2 death oozes (D)
  5 vault guards (D)
  A dancing weapon (D)
  A soul eater (D)
  A hell hog (D)
  A wretched star (D)
  A slime creature (D)
  An orb spider (D)
  Pikel (D)
  A wolf spider (D)
  A deep elf mage (D)
  A smoke demon (D)
  A rime drake (D)
  A komodo dragon (D)
  2 efreet (D)
  An ice devil (D)
  A freezing wraith (D)
  A hellwing (D)
  A jumping spider (D)
  A hornet (D)
  Grinder (D)
  Eustachio (D)
  A golden eye (D)
  A basilisk (D)
  Menkaure (D)
  A floating eye (D)
  A swamp drake (D)
  An ice beast (D)
  An eye of draining (D)
  A crocodile (D)
  Dowan (D)
  A crimson imp (D)
  2 jellies (D)
  2 iron imps (D)
  Jessica (D)
  2 oozes (D)
  2 adder skeletons (D)
  4 adder zombies (D)
  A bat skeleton (D)
  A bat zombie (D)
  A ball python skeleton (D)
  A giant cockroach zombie (D)
  A leopard gecko zombie (D)
  A starspawn tentacle (D)
68 creatures vanquished.

Vanquished Creatures (others)
  A spatial maelstrom (D)
  A fire vortex (D)
  A starspawn tentacle (D)
3 creatures vanquished.

Grand Total: 384 creatures vanquished

Notes
Turn   | Place    | Note
-------+----------+-------------------------------------------
     0 | D        | Found the +6 Majin-Bo {vamp, Archmagi MP+6 Int+6}
     0 | D        | Found the +7 great mace "Firestarter" {inner flame, rF++}
     0 | D        | Jannitor the Ogre Fighter began the quest for the Orb.
     0 | D        | Reached XP level 1. HP: 24/24 MP: 1/1
     1 | D        | Banished a spatial maelstrom
    13 | D        | Found a blossoming altar of Fedhas.
    14 | D        | Found a viscous altar of Jiyva.
    14 | D        | Found a transporter.
    14 | D        | Found a hazy altar of Hepliaklqana.
    14 | D        | Found an ancient bone altar of Kikubaaqudgha.
    14 | D        | Found an opulent altar of Gozag.
    14 | D        | Found a corrupted altar of Lugonu.
    15 | D        | Found a burning altar of Makhleb.
    16 | D        | Found a sacrificial altar of Ru.
    16 | D        | Found a stormy altar of Qazlal.
    16 | D        | Found a deep blue altar of Sif Muna.
    16 | D        | Found an iron altar of Okawaru.
    16 | D        | Found a bloodstained altar of Trog.
    16 | D        | Found a sparkling altar of Nemelex Xobeh.
    33 | D        | Found the +9 heavy crossbow "Sniper" {velocity, Acc+∞ SInv}
    33 | D        | Found the +10 dark maul {crush}
    33 | D        | Found the +15 Maxwell's patent armour {-Cast -Tele rElec
                  | MR+ rCorr}
    33 | D        | Found the +18 shield of the Gong {rElec rN+ MR+ EV-5}
    33 | D        | Found the cursed +14 obsidian axe {chop, +Fly SInv *Curse}
    57 | D        | Became a worshipper of Makhleb the Destroyer
    60 | D        | Found the +6 shillelagh "Devastator" {shatter}
    60 | D        | Found the +11 plutonium sword {*Contam Stlth-}
    60 | D        | Found the +8 lance "Wyrmbane" {slay drac, rPois rF+ rC+
                  | AC+3}
    60 | D        | Found the +9 sword of Zonguldrok {reap}
    60 | D        | Found the cursed +13 scythe of Curses {drain, *Curse}
    60 | D        | Found the +0 sword of Power
    60 | D        | Found the +7 mace of Variability {chain chaos}
    60 | D        | Found the +7 Singing Sword {slice, sonic wave}
    60 | D        | Found the +7 longbow "Piercer" {penet, EV-2}
    79 | D        | Entered arena 2.
    79 | D        | Found a transporter.
    81 | D        | Reached skill level 1 in Armour
    81 | D        | Reached skill level 1 in Invocations
    81 | D        | Reached XP level 2. HP: 33/33 MP: 1/3
    88 | D        | Entered arena 3.
    88 | D        | Found a transporter.
    91 | D        | Reached * piety under Makhleb
    92 | D        | Reached skill level 5 in Fighting
    93 | D        | Reached XP level 3. HP: 42/42 MP: 2/5
    97 | D        | Got the amulet of Xoim {+Rage Dex+7}
   103 | D        | Entered arena 4.
   103 | D        | Noticed a swamp drake
   103 | D        | Noticed a steam dragon
   103 | D        | Noticed a rime drake
   103 | D        | Noticed a rime drake
   103 | D        | Found a transporter.
   107 | D        | Killed a rime drake
   107 | D        | Reached ** piety under Makhleb
   107 | D        | Reached skill level 7 in Fighting
   107 | D        | Reached skill level 5 in Axes
   107 | D        | Reached skill level 5 in Shields
   107 | D        | Reached skill level 5 in Invocations
   107 | D        | Reached XP level 4. HP: 55/55 MP: 3/7
   107 | D        | Reached XP level 5. HP: 62/62 MP: 3/8
   111 | D        | Killed a steam dragon
   111 | D        | Reached skill level 8 in Fighting
   111 | D        | Reached XP level 6. HP: 74/74 MP: 4/10
   111 | D        | Killed a swamp drake
   111 | D        | Killed a rime drake
   111 | D        | Reached skill level 9 in Fighting
   111 | D        | Reached skill level 5 in Armour
   111 | D        | Reached XP level 7. HP: 84/84 MP: 4/12
   119 | D        | Entered arena 5.
   119 | D        | Noticed a polar bear
   119 | D        | Found a transporter.
   120 | D        | Found the +8 Wrath of Trog {antimagic, *Rage}
   121 | D        | Reached *** piety under Makhleb
   123 | D        | Reached skill level 10 in Fighting
   125 | D        | Killed a polar bear
   125 | D        | Reached XP level 8. HP: 96/96 MP: 6/14
   130 | D        | Got the ring "Datsood" {Ice +Fly Str+4}
   132 | D        | Entered arena 6.
   132 | D        | Noticed an air elemental
   132 | D        | Noticed a deep elf knight
   132 | D        | Noticed a deep elf mage
   132 | D        | Noticed a +0 war axe of freezing
   132 | D        | Noticed a +4 trident of venom
   132 | D        | Found a transporter.
   134 | D        | Killed an air elemental
   134 | D        | Reached **** piety under Makhleb
   136 | D        | Killed a +0 war axe of freezing
   136 | D        | Reached skill level 11 in Fighting
   136 | D        | Killed a +4 trident of venom
   136 | D        | Reached skill level 12 in Fighting
   136 | D        | Reached XP level 9. HP: 73/106 MP: 7/16
   139 | D        | Killed a deep elf knight
   139 | D        | Reached skill level 10 in Invocations
   141 | D        | Killed a deep elf mage
   141 | D        | Reached ***** piety under Makhleb
   141 | D        | Reached skill level 13 in Fighting
   141 | D        | Reached skill level 10 in Axes
   163 | D        | Entered arena 7.
   163 | D        | Noticed a vault guard
   163 | D        | Noticed a yaktaur captain
   163 | D        | Noticed a yaktaur
   163 | D        | Noticed a fire dragon
   163 | D        | Noticed a vault guard
   163 | D        | Noticed a vault sentinel
   164 | D        | Found a transporter.
   168 | D        | Noticed a sixfirhy
   169 | D        | Killed a fire dragon
   169 | D        | Reached XP level 10. HP: 91/119 MP: 12/18
   171 | D        | Killed a yaktaur captain
   171 | D        | Reached skill level 10 in Shields
   173 | D        | Killed a vault guard
   173 | D        | Reached skill level 14 in Fighting
   176 | D        | Killed a vault sentinel
   177 | D        | Killed a vault guard
   182 | D        | Got the ring of Gutedgh {rN+ EV+5 Dex+6}
   187 | D        | Entered arena 8.
   188 | D        | Found a transporter.
   191 | D        | Reached ****** piety under Makhleb
   201 | D        | Got the amulet of the Evening {Acrobat *Slow rF+++ Int+2
                  | Dex+3 Slay+3}
   205 | D        | Entered arena 9.
   205 | D        | Noticed Enoh the pandemonium lord
   205 | D        | Noticed a soul eater
   206 | D        | Found a transporter.
   214 | D        | Killed a soul eater
   214 | D        | Reached skill level 15 in Fighting
   214 | D        | Reached skill level 10 in Armour
   214 | D        | Reached XP level 11. HP: 132/132 MP: 20/20
   231 | D        | Killed Enoh the pandemonium lord
   231 | D        | Reached skill level 16 in Fighting
   258 | D        | Entered arena 10.
   259 | D        | Found a transporter.
   379 | D        | Entered arena 11.
   379 | D        | Noticed a shining eye
   380 | D        | Found a transporter.
   383 | D        | Gained mutation: Your body sometimes deteriorates upon
                  | taking damage. [a shining eye]
   386 | D        | Killed a shining eye
   394 | D        | Got the ring of Deathreeh {rCorr rElec Stlth+}
   396 | D        | Entered arena 12.
   396 | D        | Noticed a wolf spider
   396 | D        | Noticed a moth of wrath
   396 | D        | Noticed an orb spider
   396 | D        | Noticed a wolf spider
   397 | D        | Found the +6 arbalest "Damnation" {damnation}
   397 | D        | Noticed a spark wasp
   397 | D        | Noticed an entropy weaver
   398 | D        | Found a transporter.
   402 | D        | Killed a moth of wrath
   403 | D        | Killed a wolf spider
   403 | D        | Killed a wolf spider
   405 | D        | Reached XP level 12. HP: 140/146 MP: 17/22
   409 | D        | Killed a spark wasp
   409 | D        | Reached skill level 17 in Fighting
   409 | D        | Killed an entropy weaver
   422 | D        | Entered arena 13.
   422 | D        | Noticed a soul eater
   422 | D        | Noticed a ghoul
   422 | D        | Noticed a ghoul
   423 | D        | Noticed a soul eater
   423 | D        | Noticed a soul eater
   426 | D        | Found a transporter.
   430 | D        | Killed a soul eater
   432 | D        | Killed a ghoul
   434 | D        | Killed a ghoul
   434 | D        | Reached skill level 15 in Invocations
   439 | D        | Killed a soul eater
   441 | D        | Killed a soul eater
   459 | D        | Got the ring "Xyned" {MP+9 Str+2}
   473 | D        | Entered arena 14.
   474 | D        | Noticed a tentacled starspawn
   475 | D        | Noticed a wretched star
   475 | D        | Identified the amulet of Ephemeral Luck {Gourm *Slow +Inv
                  | Int+5}
   476 | D        | Found a transporter.
   479 | D        | Reached skill level 18 in Fighting
   481 | D        | Killed a wretched star
   483 | D        | Killed a tentacled starspawn
   497 | D        | Entered arena 15.
   498 | D        | Noticed a reaper
   499 | D        | Noticed a reaper
   499 | D        | Noticed a soul eater
   501 | D        | Found a transporter.
   515 | D        | Killed a reaper
   515 | D        | Reached XP level 13. HP: 109/161 MP: 24/24
   520 | D        | Killed a reaper
   592 | D        | Entered arena 16.
   593 | D        | Noticed Snorg
   593 | D        | Noticed Menkaure
   593 | D        | Noticed Jessica
   593 | D        | Noticed Pikel
   593 | D        | Noticed Psyche
   593 | D        | Noticed Harold
   593 | D        | Noticed Eustachio
   593 | D        | Noticed Frances
   593 | D        | Noticed Gastronok
   593 | D        | Noticed Saint Roka
   596 | D        | Reached skill level 15 in Axes
   596 | D        | Reached XP level 14. HP: 102/170 MP: 24/26
   601 | D        | Killed Psyche
   601 | D        | Noticed Prince Ribbit
   602 | D        | Killed Harold
   602 | D        | Reached skill level 19 in Fighting
   602 | D        | Killed Jessica
   602 | D        | Killed Eustachio
   603 | D        | Killed Prince Ribbit
   603 | D        | Killed Menkaure
   604 | D        | Noticed Grinder
   604 | D        | Killed Pikel
   606 | D        | Noticed Dowan
   607 | D        | Killed Frances
   607 | D        | Killed Grinder
   608 | D        | Killed Dowan
   610 | D        | Killed Snorg
   610 | D        | Killed Gastronok
   613 | D        | Found the +3 robe of Folly {Archmagi, MR-- Int+5}
   613 | D        | Killed Saint Roka
   614 | D        | Found a transporter.
   621 | D        | Got the ring "Casotof" {*Slow rPois rF+ Int+5}
   635 | D        | Entered arena 17.
   639 | D        | Noticed an azure jelly
   640 | D        | Found a transporter.
   641 | D        | Paralysed by a floating eye for 4 turns
   646 | D        | Killed an azure jelly
   657 | D        | Got the amulet of the Blue Skies {Regen+ Int+4}
   673 | D        | Entered arena 18.
   675 | D        | Noticed a fire giant
   676 | D        | Noticed a fire giant
   678 | D        | Noticed a fire giant
   689 | D        | Killed a fire giant
   689 | D        | Reached skill level 20 in Fighting
   689 | D        | Reached skill level 15 in Shields
   690 | D        | Killed a fire giant
   697 | D        | Killed a fire giant
   699 | D        | Found a transporter.
   713 | D        | Entered arena 19.
   713 | D        | Identified the +8 quarterstaff "Acsirchenne" {crush, Int+5}
   713 | D        | Identified the +7 arbalest of Radicalism {speed, rElec
                  | SInv}
   719 | D        | Identified the +4 scale mail "Nexid" {Int+3 Dex+4 SInv}
   721 | D        | Noticed a lich
   737 | D        | Killed a lich
   737 | D        | Reached skill level 21 in Fighting
   746 | D        | Found a transporter.
   758 | D        | Entered arena 20.
   764 | D        | Found the +8 demon blade "Bloodbane" {slice, *Rage +Rage
                  | Stlth-}
   765 | D        | Found a transporter.
   770 | D        | Reached XP level 15. HP: 187/187 MP: 28/28
   931 | D        | Got the ring of Virtue {rPois MR+ Dex-3 Slay+5 SInv}
   935 | D        | Got the ring "Ipamunwi" {rElec rPois rF+ Slay+2}
  1035 | D        | Entered arena 21.
  1041 | D        | Noticed a shadow dragon
  1041 | D        | Noticed a shadow dragon
  1042 | D        | Found the +8 frozen axe "Frostbite" {freezing cloud, *Noise
                  | +Fly rC+}
  1050 | D        | Reached skill level 22 in Fighting
  1062 | D        | Reached skill level 15 in Armour
  1067 | D        | Killed a shadow dragon
  1069 | D        | Killed a shadow dragon
  1073 | D        | Found a transporter.
  1101 | D        | Entered arena 22.
  1105 | D        | Noticed an acid blob
  1106 | D        | Found the +4 dagger "Morg" {pain, MR+ Int+5}
  1106 | D        | Noticed an azure jelly
  1106 | D        | Noticed an acid blob
  1108 | D        | Noticed an acid blob
  1109 | D        | Noticed an azure jelly
  1113 | D        | Noticed an azure jelly
  1115 | D        | Killed an acid blob
  1115 | D        | Reached skill level 23 in Fighting
  1117 | D        | Paralysed by a floating eye for 2 turns
  1122 | D        | Killed an acid blob
  1124 | D        | Killed an acid blob
  1125 | D        | Killed an azure jelly
  1125 | D        | Reached skill level 24 in Fighting
  1132 | D        | Killed an azure jelly
  1133 | D        | Killed an azure jelly
  1140 | D        | Found a transporter.
  1174 | D        | Got the cursed ring of the Crown {+Blink AC-3}
  1180 | D        | Got the amulet "Ytuqak" {Spirit Str+2 Int+2}
  1184 | D        | Entered arena 23.
  1190 | D        | Noticed an iron giant
  1190 | D        | Noticed a bone dragon
  1198 | D        | HP: 1/198 [reaper/+2 scythe of protection (26)]
  1205 | D        | HP: 13/297 [bone dragon (8)]
  1208 | D        | Killed a bone dragon
  1208 | D        | Reached skill level 25 in Fighting
  1209 | D        | Killed an iron giant
  1209 | D        | Reached XP level 16. HP: 99/210 MP: 30/30
  1226 | D        | Found the +0 mask of the Dragon {MR+ Slay+3 SInv}
  1226 | D        | Found the +8 orange crystal plate armour {Archmagi, Int+3
                  | Clar}
  1235 | D        | Found a transporter.
  1276 | D        | Entered arena 24.
  1290 | D        | Noticed a titan
  1290 | D        | Noticed an ancient lich
  1290 | D        | Noticed a shadow dragon
  1291 | D        | Noticed an ancient lich
  1291 | D        | Noticed a lich
  1291 | D        | Noticed an ancient lich
  1291 | D        | Noticed a lich
  1303 | D        | Noticed a Hell Sentinel
  1303 | D        | Noticed a shadow dragon
  1303 | D        | Identified the amulet "Geipar" {Acrobat rElec MR+}
  1303 | D        | Noticed a lich
  1303 | D        | Identified the amulet "Uwauv" {Harm *Drain MR+}
  1304 | D        | Noticed a lich
  1304 | D        | Killed an ancient lich
  1307 | D        | Killed a shadow dragon
  1308 | D        | Reached skill level 5 in Dodging
  1308 | D        | Noticed a shadow dragon
  1308 | D        | Noticed an ancient lich
  1309 | D        | Noticed a shadow dragon
  1310 | D        | Killed a lich
  1311 | D        | Killed an ancient lich
  1311 | D        | Reached skill level 26 in Fighting
  1311 | D        | Killed a lich
  1314 | D        | Killed a titan
  1318 | D        | Killed a lich
  1321 | D        | Killed an ancient lich
  1323 | D        | Reached skill level 27 in Fighting
  1327 | D        | Killed a lich
  1327 | D        | Reached XP level 17. HP: 226/226 MP: 29/32
  1327 | D        | Killed an ancient lich
  1327 | D        | Reached skill level 10 in Dodging
  1363 | D        | Found the +3 crown of Dyrovepreva {rElec Int+2 SInv}
  1363 | D        | Found a transporter.
  1366 | D        | Found the +8 mithril axe "Arga" {speed, MR+}
  1411 | D        | Entered arena 25.
  1426 | D        | Noticed a lich
  1427 | D        | Identified the +7 falchion "Wefoikid" {slice, Int+3}
  1435 | D        | Killed a lich
  1456 | D        | Noticed a lich
  1466 | D        | Noticed a profane servitor
  1483 | D        | Killed a lich
  1491 | D        | Killed a profane servitor
  1504 | D        | Found a transporter.
  1517 | D        | Got the ring of the Okapi {+Inv rC+ rN++ EV+1 Int-4}
  1554 | D        | Entered arena 26.
  1574 | D        | Noticed Vomic the pandemonium lord
  1574 | D        | Noticed Zeockeg the pandemonium lord
  1574 | D        | Noticed Labbo the pandemonium lord
  1574 | D        | Noticed Kunwigig the pandemonium lord
  1575 | D        | Noticed Veaf the pandemonium lord
  1575 | D        | Noticed an Executioner
  1575 | D        | Noticed Gaprob the pandemonium lord
  1575 | D        | Noticed Mumudwidgh the pandemonium lord
  1575 | D        | Noticed an Executioner
  1575 | D        | Noticed Sosecw the pandemonium lord
  1588 | D        | Noticed Wurul the pandemonium lord
  1588 | D        | Noticed Lilasun the pandemonium lord
  1588 | D        | Noticed Icwumav the pandemonium lord
  1588 | D        | Killed an Executioner
  1588 | D        | Noticed Foblem the pandemonium lord
  1589 | D        | Noticed Fiomicus the pandemonium lord
  1592 | D        | Killed Labbo the pandemonium lord
  1603 | D        | Killed Vomic the pandemonium lord
  1603 | D        | Killed Kunwigig the pandemonium lord
  1603 | D        | Reached XP level 18. HP: 80/236 MP: 34/34
  1605 | D        | Killed Mumudwidgh the pandemonium lord
  1607 | D        | Noticed Fetzae Yskui the pandemonium lord
  1607 | D        | Noticed Zequ Eluc the pandemonium lord
  1607 | D        | Noticed Cud Zitt the pandemonium lord
  1609 | D        | Noticed Fout Cip the pandemonium lord
  1609 | D        | Noticed Aqem the pandemonium lord
  1609 | D        | Noticed Mysio the pandemonium lord
  1609 | D        | Killed Sosecw the pandemonium lord
  1609 | D        | Reached skill level 15 in Dodging
  1609 | D        | Noticed Ighachu the pandemonium lord
  1614 | D        | Noticed Pacs the pandemonium lord
  1614 | D        | Noticed Ysidd the pandemonium lord
  1615 | D        | Noticed Cyumotiv the pandemonium lord
  1616 | D        | Noticed Riqyhaq the pandemonium lord
  1617 | D        | Killed Veaf the pandemonium lord
  1621 | D        | Noticed Hutezeoth the pandemonium lord
  1621 | D        | Noticed Xoekowk the pandemonium lord
  1622 | D        | Killed Gaprob the pandemonium lord
  1622 | D        | Noticed Vuwudgha the pandemonium lord
  1625 | D        | Noticed a Tzitzimitl
  1626 | D        | Killed Aqem the pandemonium lord
  1626 | D        | Killed Fout Cip the pandemonium lord
  1633 | D        | Noticed Gueqipie the pandemonium lord
  1635 | D        | Killed Wurul the pandemonium lord
  1636 | D        | Noticed a Tzitzimitl
  1637 | D        | Noticed a Brimstone Fiend
  1639 | D        | Identified the +2 ring mail of Ziel Peh {rN+ MR++ Stlth-}
  1642 | D        | Killed Mysio the pandemonium lord
  1643 | D        | Noticed Daacvel the pandemonium lord
  1646 | D        | Killed Pacs the pandemonium lord
  1651 | D        | Noticed Apank the pandemonium lord
  1655 | D        | Killed Vuwudgha the pandemonium lord
  1657 | D        | HP: 3/236 [balrug/divine providence[Riqyhaq] (14)]
  1658 | D        | Mangled by Fetzae Yskui the pandemonium lord

Skill      XL: |  1  2  3  4  5  6  7  8  9 10 11 12 13 14 15 16 17 18 |
---------------+-------------------------------------------------------+-----
Armour         | 1 2 3 4 5 6 7 8 10 11 12 14 16 18 20 21 | 21.6
Shields        | 3 5 6 7 8 9 11 12 13 14 15 17 19 21 23 | 23.2
Invocations    | 1 2 5 6 7 8 9 11 12 14 15 16 18 20 22 24 26 | 26.5
Fighting       | 5 7 8 9 10 12 13 15 16 18 21 25 27 | 27.0
Axes           | 3 5 6 7 8 9 10 11 13 14 15 17 19 20 23 24 | 24.8
Dodging        | 9 14 17 | 17.1

Action                   |  1- 3 |  4- 6 |  7- 9 | 10-12 | 13-15 | 16-18 || total
-------------------------+-------+-------+-------+-------+-------+-------++-------
Melee: Broad axe         |     7 |     4 |    15 |   100 |   150 |   230 ||   506
Invok: Greater Servant o |       |       |       |       |     5 |     5 ||    10
       Major Destruction |       |       |       |       |     4 |       ||     4
  Use: Potion            |       |       |       |     1 |     9 |     4 ||    14
       Scroll            |       |       |       |       |     1 |     4 ||     5
 Stab: Distracted        |       |       |       |     2 |     1 |     2 ||     5
  Eat: Ration            |       |       |       |       |       |     1 ||     1
Armor: Gold dragon scale |     4 |       |    15 |    34 |    86 |    63 ||   202
Dodge: Dodged            |       |       |       |    19 |    18 |    27 ||    64
Block: Shield            |     7 |     3 |    26 |   168 |   215 |   259 ||   678
